 Dungeon Crawl Stone Soup version 0.25.1-2-g60ff931df9 (webtiles) character file.

Game seed: 17730217309301491789

232 RUZZLEFAZAZZLE the Ruffian (level 5, 0/53 HPs)
             Began as a Troll Monk on Sept 4, 2020.
             Slain by Pikel
             ... wielding a +0 whip of electrocution
              (16 damage)
             ... on level 4 of the Dungeon.
             The game lasted 00:05:20 (1776 turns).

RUZZLEFAZAZZLE the Ruffian (Troll Monk)             Turns: 1776, Time: 00:05:20

Health: 0/53       AC: 11    Str: 20    XL:     5   Next: 73%
Magic:  4/4        EV: 11    Int:  6    God:
Gold:   202        SH:  5    Dex: 12    Spells: 4/4 levels left

rFire    . . .     SeeInvis +     - Unarmed
rCold    . . .     Gourm    +   (no shield)
rNeg     . . .     Faith    .   a - +0 robe
rPois    .         Spirit   .   (helmet restricted)
rElec    .         Reflect  +   f - +0 cloak
rCorr    .         Harm     .   (gloves unavailable)
MR       .....                  (boots unavailable)
Stlth    ++........             e - amulet of reflection
HPRegen  0.57/turn              k - +4 ring of protection
MPRegen  0.09/turn              n - ring of see invisible

@: invisible
A: large, unfitting armour, claws 3, fast metabolism 3, gourmand, regeneration
1, shaggy fur 1, tough skin 3
a: no special abilities


You were on level 4 of the Dungeon.
You were completely stuffed.

You visited 1 branch of the dungeon, and saw 4 of its levels.

You collected 202 gold pieces.

Inventory:

Armour
 a - a +0 robe (worn)
 f - a +0 cloak (worn)
Jewellery
 e - an amulet of reflection (around neck)
 k - a +4 ring of protection (left claw)
 n - a ring of see invisible (right claw)
Wands
 o - a wand of digging (1)
Scrolls
 c - a scroll of remove curse {unknown}
 g - a scroll of immolation
Potions
 h - a potion of haste
 j - 2 potions of degeneration {unknown}
 l - 2 potions of flight {unknown}
Comestibles
 b - 6 rations
 m - 2 chunks of flesh


   Skills:
 + Level 3.4 Fighting
 + Level 2.1 Armour
 + Level 3.4 Dodging
 - Level 1.0 Stealth
 + Level 4.1 Unarmed Combat


You had 4 spell levels left.
You didn't know any spells.
Your spell library contained the following spells:

 Spells                   Type           Power        Failure   Level  Hunger
 Magic Dart               Conj           #...         45%         1    ##.....
 Blink                    Tloc           N/A          58%         2    ###....
 Call Imp                 Summ           #.......     58%         2    ###....
 Slow                     Hex            #.......     58%         2    ###....
 Conjure Flame            Conj/Fire      #.......     83%         3    ####...
 Mephitic Cloud           Conj/Pois/Air  #.......     83%         3    ####...


Dungeon Overview and Level Annotations

Branches:
Dungeon (4/15)
 Temple: D:4-7

Altars:
Fedhas
Nemelex Xobeh

Annotations:
D:4 Eustachio, Pikel


Innate Abilities, Weirdness & Mutations

You are too large for most types of armour.
You have claws for hands.
Your metabolism is lightning-fast.
You like to eat raw meat.
Your natural rate of healing is unusually fast.
You are covered in fur. (AC +1)
You have extremely tough skin. (AC +3)


Message History

Pikel hits you but does no damage. The slave hits you.
You completely miss Pikel.
Pikel is severely wounded.
The slave hits you but does no damage.
The crimson imp blinks!
The quokka misses you. You block the slave's attack.
The slave hits you but does no damage.
Pikel hits you with a +0 whip of electrocution!
* * * LOW HITPOINT WARNING * * *
You are electrocuted!
* * * LOW HITPOINT WARNING * * *
The slave closely misses you.
You feel much better.
The quokka bites you but does no damage.
The slave closely misses you. x2; Pikel closely misses you.
The slave hits you. The slave hits you!
You fade into invisibility!
The quokka closely misses you. The slave closely misses you.
Eustachio hits you with a +0 rapier. The slave misses you.
Pikel hits you but does no damage.
You are electrocuted!
You die...

##........#..... ..
#..##....###.... ..##
#.......#.÷..÷. .....##
##...###........
.....#.##......#.......#
..................#.....
........5........###....
...#..@p.......#.# #....
.....!K@p..#......##....
...##.prp..#.........###
#...................##.
....#..(................
... ###..............###
#. #............... # #
.........#.......
........#.#....
#.......### ..>


You could see Eustachio (strong), Pikel, 4 slaves, a crimson imp (summoned) and
a quokka (summoned).

Vanquished Creatures
  2 hounds (D:4)
  Crazy Yiuf (D:3)
  Jessica (D:3)
  An ooze (D:2)
  3 dart slugs
  5 worms
  5 leopard geckos
  2 orcs (D:3)
  A giant cockroach (D:2)
  7 goblins
  8 hobgoblins
  11 jackals
  4 quokkas
  3 ball pythons
  8 bats
  4 frilled lizards
  9 kobolds
  10 rats
85 creatures vanquished.

Notes
Turn   | Place    | Note
-------+----------+-------------------------------------------
     0 | D:1      | RUZZLEFAZAZZLE the Troll Monk began the quest for the Orb.
     0 | D:1      | Reached XP level 1. HP: 22/22 MP: 0/0
   198 | D:1      | Reached XP level 2. HP: 29/29 MP: 1/1
   499 | D:2      | Reached XP level 3. HP: 36/36 MP: 2/2
   567 | D:2      | Reached skill level 1 in Armour
   872 | D:2      | Found a sparkling altar of Nemelex Xobeh.
   916 | D:2      | Reached XP level 4. HP: 44/44 MP: 3/3
   963 | D:3      | Found a blossoming altar of Fedhas.
  1057 | D:3      | Found a runed translucent door.
  1058 | D:3      | Noticed Crazy Yiuf
  1067 | D:3      | Killed Crazy Yiuf
  1373 | D:3      | Noticed Jessica
  1375 | D:3      | Reached XP level 5. HP: 51/53 MP: 4/4
  1394 | D:3      | Killed Jessica
  1713 | D:4      | Reached skill level 4 in Unarmed Combat
  1754 | D:4      | Noticed a slave
  1754 | D:4      | Noticed a slave
  1759 | D:4      | Noticed Pikel
  1761 | D:4      | Noticed a slave
  1761 | D:4      | Noticed a slave
  1762 | D:4      | Noticed Eustachio
  1774 | D:4      | HP: 1/53 [Pikel/+0 whip of electrocution (12)]
  1776 | D:4      | Slain by Pikel

Illustrated notes

Levels and vault maps discovered:
D:1:      ncdulo_lavacross, layout_basic, minmay_misc_feat_pillars
D:2:      layout_rooms, nemelex_altar_shiori
D:3:      layout_rooms, fedhas_altar_2, first_ration, uniq_crazy_yiuf_cottage,
          uniq_jessica
D:4:      layout_cave_pools, minmay_misc_feat_doors, nrook_mini_vaults,
          uniq_pikel, uniq_eustachio

Skill      XL: |  1  2  3  4  5 |
---------------+----------------+-----
Armour         | 1 2 |  2.1
Fighting       | 3 |  3.4
Dodging        | 3 |  3.4
Unarmed Combat | 4 |  4.1
Stealth        | |  1.0

Action                   |  1- 3 |  4- 6 || total
-------------------------+-------+-------++-------
Melee: Unarmed           |   108 |   141 ||   249
       Punch             |     2 |     2 ||     4
  Use: Scroll            |       |     6 ||     6
       Potion            |       |     3 ||     3
 Stab: Sleeping          |     3 |     1 ||     4
       Distracted        |       |     1 ||     1
  Eat: Chunk             |    14 |     8 ||    22
Armor: Robe              |    45 |    65 ||   110
Dodge: Dodged            |    51 |   101 ||   152
Block: Other             |    25 |    39 ||    64
